 Dungeon Crawl Stone Soup version 0.24.0-123-gd5b16e6ec5 (webtiles) character file.

Game seed: 4221002887434626823, levelgen mode: deterministic

223 mortelune the Slasher (level 5, 0/47 HPs)
             Began as a Minotaur Berserker on Dec 29, 2019.
             Was a Believer of Trog.
             Killed by divine providence
             ... invoked by an orc priest
              (11 damage)
             ... on level 3 of the Dungeon.
             The game lasted 00:04:54 (2429 turns).

mortelune the Slasher (Minotaur Berserker)          Turns: 2429, Time: 00:04:54

Health: 0/47       AC:  9    Str: 23    XL:     5   Next: 66%
Magic:  4/4        EV:  9    Int:  4    God:    Trog [**....]
Gold:   126        SH:  0    Dex:  9    Spells: 4/4 levels left

rFire    . . .     SeeInvis .   a - +0 falchion
rCold    . . .     Gourm    .   (no shield)
rNeg     . . .     Faith    .   w - +0 chain mail
rPois    .         Spirit   .   (helmet restricted)
rElec    .         Reflect  .   (no cloak)
rCorr    .         Harm     .   (no gloves)
MR       ++...                  (no boots)
Stlth    ..........             (no amulet)
HPRegen  1.15/turn              s - ring of flight
MPRegen  0.09/turn              (no ring)

@: regenerating
A: retaliatory headbutt, horns 2
a: Berserk, Trog's Hand, Renounce Religion, Evoke Flight


You were on level 3 of the Dungeon.
You worshipped Trog.
Trog was pleased with you.
You were not hungry.

You visited 1 branch of the dungeon, and saw 3 of its levels.

You collected 126 gold pieces.

Inventory:

Hand Weapons
 a - a +0 falchion (weapon)
Missiles
 u - 3 boomerangs (quivered)
Armour
 b - a +0 animal skin
 l - a +0 leather armour
 w - a +0 chain mail (worn)
Jewellery
 s - a ring of flight (left hand)
Scrolls
 d - a scroll of magic mapping {unknown}
 f - 3 scrolls of identify
 h - 2 scrolls of remove curse
 i - 2 scrolls of blinking {unknown}
 m - 2 scrolls of enchant weapon {unknown}
 n - a scroll of fear {unknown}
 o - 2 scrolls of teleportation {unknown}
 v - a scroll of amnesia {unknown}
 y - a scroll of random uselessness {unknown}
Potions
 e - a potion of ambrosia {unknown}
 g - a potion of lignification {unknown}
 j - a potion of degeneration {unknown}
 k - 2 potions of curing
 p - 2 potions of might {unknown}
 q - a potion of agility {unknown}
 r - a potion of magic {unknown}
 x - 2 potions of flight {unknown}
Comestibles
 c - 8 rations
 t - 3 chunks of flesh


   Skills:
 + Level 4.9 Fighting
 * Level 5.7 Long Blades
 + Level 4.1 Armour
 - Level 2.8 Dodging


You had 4 spell levels left.
You didn't know any spells.
Your spell library was empty.

Dungeon Overview and Level Annotations

Branches:
Dungeon (3/15)

Altars:


Innate Abilities, Weirdness & Mutations

You reflexively headbutt those who attack you in melee.
You have a pair of horns on your head.


Message History

The orc priest invokes the aid of Beogh against you.
Beogh smites you! The bullfrog hits you. The bullfrog barely misses you.
The bullfrog hits you.
The orc priest hits you with a +0 dagger.
The orc priest calls down the wrath of Beogh upon you.
Beogh smites you!
* * * LOW HITPOINT WARNING * * *
The bullfrog hits you but does no damage.
The orc priest miscasts a cantrip.
The bullfrog closely misses you.
You feel better. The bullfrog hits you.
* * * LOW HITPOINT WARNING * * *
The orc wizard mumbles some strange words.
The orc wizard flickers and vanishes!
Deactivating autopickup; reactivate with Ctrl-A.
The bullfrog hits you but does no damage.
The orc priest calls down the wrath of Beogh upon you.
Beogh smites you!
You die...

##.##.# #.# ....
###..# ..## #.#
.....
#######...##
...##.# .....
..).....###
##.(..# ......
<...#####
##..##......
###.#
##..g......
###.#
#.o....>...
#...#
#####o...#.####
..###
#..@Fo{#...# .##
###.####.##..#
.##### #...# #.#
..#
.....#######.###
#.# #.#
####.........#
#.# ##
##........# #.#
#........# #.#
#........# #.#
##########


You could see a bullfrog, 2 orc priests, an orc and a hobgoblin.

Vanquished Creatures
  Jessica (D:2)
  Natasha (thrice) (D:2)
  Terence (D:3)
  2 adders (D:2)
  An ooze (D:1)
  A worm (D:2)
  A dart slug (D:2)
  3 leopard geckos (D:2)
  5 orcs (D:3)
  2 giant cockroaches
  5 goblins
  6 hobgoblins
  5 jackals
  2 quokkas (D:2)
  9 bats
  3 frilled lizards
  5 kobolds
  4 rats
59 creatures vanquished.

Notes
Turn   | Place    | Note
-------+----------+-------------------------------------------
     0 | D:1      | mortelune the Minotaur Berserker began the quest for the
                  | Orb.
     0 | D:1      | Reached XP level 1. HP: 19/19 MP: 0/0
   151 | D:1      | Reached XP level 2. HP: 25/27 MP: 1/1
   383 | D:1      | Reached skill level 4 in Long Blades
   882 | D:2      | Reached ** piety under Trog
   883 | D:2      | Reached XP level 3. HP: 29/33 MP: 2/2
   888 | D:2      | Found a faded altar of an unknown god.
  1009 | D:2      | Noticed Jessica
  1033 | D:2      | Killed Jessica
  1033 | D:2      | Reached XP level 4. HP: 22/40 MP: 3/3
  1336 | D:2      | Noticed Natasha
  1341 | D:2      | Killed Natasha
  1352 | D:2      | Noticed Natasha
  1360 | D:2      | Killed Natasha
  1360 | D:2      | Reached skill level 5 in Long Blades
  1448 | D:2      | Noticed Natasha
  1463 | D:2      | Killed Natasha
  1463 | D:2      | Reached XP level 5. HP: 29/47 MP: 4/4
  2265 | D:3      | Noticed Terence
  2276 | D:3      | Killed Terence
  2426 | D:3      | HP: 2/47 [orc priest/divine providence (13)]
  2429 | D:3      | Killed from afar by an orc priest

Levels and vault maps discovered:
D:1:      dpeg_arrival_simpleton_c, layout_loops_ring
D:2:      layout_rooms, chequers_ecumenical_altar_island,
          minmay_misc_feat_cross, minmay_split_cup_large, uniq_jessica,
          uniq_natasha
D:3:      layout_rooms, uniq_terence

Skill      XL: |  1  2  3  4  5 |
---------------+----------------+-----
Long Blades    | 4 5 |  5.7
Fighting       | 4 |  4.9
Armour         | 3 4 |  4.1
Dodging        | |  2.8

Action                   |  1- 3 |  4- 6 || total
-------------------------+-------+-------++-------
Melee: Falchion          |    62 |    73 ||   135
       Headbutt          |    13 |     9 ||    22
Invok: Berserk           |       |     2 ||     2
       Trog's Hand       |       |     1 ||     1
  Use: Scroll            |     2 |       ||     2
       Potion            |       |     1 ||     1
 Stab: Sleeping          |     2 |       ||     2
  Eat: Chunk             |       |     7 ||     7
Armor: Animal skin       |     7 |       ||     7
       Leather armour    |     2 |    12 ||    14
       Chain mail        |       |     5 ||     5
Dodge: Dodged            |    46 |    57 ||   103
       Rpst.: Falchion   |    11 |    12 ||    23
